 Dungeon Crawl Stone Soup version 0.31.0-9-g3a7656b989 (webtiles) character file.

Game seed: 6854083395169306021

43 Curundu the Chopper (level 3, -3/33 HPs)
             Began as a Minotaur Berserker on Jan 24, 2024.
             Was a Believer of Trog.
             Slain by a gnoll
             ... wielding a +0 spear
              (6 damage)
             ... on level 2 of the Dungeon.
             The game lasted 00:03:31 (993 turns).

Curundu the Chopper (Minotaur Berserker)             Turns: 993, Time: 00:03:35

Health: -3/33      AC:  3    Str: 23    XL:     3   Next: 37%
Magic:  2/2        EV: 12    Int:  4    God:    Trog [**....]
Gold:   82         SH:  0    Dex:  9    Spells: 2/2 levels left

rFire   . . .        a - +0 hand axe
rCold   . . .        (no shield)
rNeg    . . .        b - +0 animal skin
rPois   .            (helmet restricted)
rElec   .            (no cloak)
rCorr   .            f - +0 pair of gloves
SInv    .            (no boots)
Will    .....        (no amulet)
Stlth   +            (no ring)
HPRegen 0.25/turn    (no ring)
MPRegen 0.08/turn

%: no passive effects
@: no status effects
A: horns 2, retaliatory headbutt
a: Renounce Religion, Berserk, Trog's Hand


You were on level 2 of the Dungeon.
You worshipped Trog.
Trog was pleased with you.
You visited 1 branch of the dungeon, and saw 2 of its levels.

You collected 82 gold pieces.

Inventory:

Hand Weapons
 a - a +0 hand axe (weapon)
Armour
 b - a +0 animal skin (worn)
 f - a +0 pair of gloves (worn)
Jewellery
 h - an amulet of reflection
Potions
 g - a potion of degeneration {unknown}
 i - a potion of curing {unknown}


   Skills:
 + Level 4.2 Fighting
 + Level 4.5 Axes
 + Level 2.6 Armour
 + Level 2.5 Dodging


You had 2 spell levels left.
You didn't know any spells.
Your spell library was empty.

Dungeon Overview and Level Annotations

Branches:
Dungeon (2/15)

Altars:


Innate Abilities, Weirdness & Mutations

You have a pair of horns on your head.
You reflexively headbutt those who attack you in melee.


Message History

Found a long sword.
A gnoll comes into view.
It is wielding a +0 club and quivering a throwing net.
The gnoll shouts!
A gnoll comes into view. It is wielding a +0 whip.
The gnoll shouts!
A gnoll comes into view. It is wielding a +0 flail.
A gnoll comes into view. It is wielding a +0 spear.
The gnoll shouts!
You hit the gnoll. You headbutt the gnoll.
The gnoll is severely wounded.
The gnoll hits you with a +0 flail.
You barely miss the gnoll.
The gnoll is severely wounded.
The gnoll hits you with a +0 flail!
You hit the gnoll but do no damage.
The gnoll is severely wounded.
The gnoll misses you. The gnoll closely misses you.
A ribbon worm comes into view.
You hit the gnoll. You headbutt the gnoll.
You kill the gnoll!
Trog accepts your kill. The gnoll barely misses you.
You barely miss the gnoll. The gnoll hits you with a +0 whip!
The gnoll closely misses you.
You hit the gnoll. Your headbutt misses the gnoll.
The gnoll is heavily wounded.
The gnoll misses you. The gnoll closely misses you.
You closely miss the gnoll.
The gnoll is heavily wounded.
The gnoll hits you with a +0 whip.
* * * LOW HITPOINT WARNING * * *
The gnoll closely misses you.
You hit the gnoll.
The gnoll is severely wounded.
The gnoll hits you from afar with a +0 spear.
* * * LOW HITPOINT WARNING * * *
The gnoll hits you with a +0 whip.
* * * LOW HITPOINT WARNING * * *
The gnoll hits you from afar with a +0 spear.
You die...

##.# #.##...#
##..#####..###.####
#...........##....##
...♣..>..♣......#..#
#....)......##..†<.#
##..#####..##.†###.#
.##.##..#.##....# .##
..#+##..#'#.##..##g.##
.##.##......###.@gg..#
.##.##....###
####w#.... ..........#
.###.. ######....## .#
.. # #.#...#
######.###.#
.........#.#
######...#.# #####.#


You could see a ribbon worm and 3 gnolls.

Vanquished Creatures
  A gnoll (D:2)
  4 bats
  2 endoplasms (D:1)
  3 giant cockroaches
  3 goblins
  6 hobgoblins (D:1)
  A quokka (D:1)
  4 ball pythons (D:1)
  A frilled lizard (D:1)
  2 kobolds
  2 rats (D:1)
29 creatures vanquished.

Notes
Turn   | Place    | Note
-------+----------+-------------------------------------------
     0 | D:1      | Curundu the Minotaur Berserker began the quest for the Orb.
     0 | D:1      | Reached XP level 1. HP: 19/19 MP: 0/0
   192 | D:1      | Reached XP level 2. HP: 27/27 MP: 1/1
   424 | D:1      | Reached ** piety under Trog
   510 | D:1      | Found a faded altar of an unknown god.
   856 | D:2      | Reached XP level 3. HP: 33/33 MP: 2/2
   993 | D:2      | Slain by a gnoll

Illustrated notes

Levels and vault maps discovered:
D:1:      dpeg_arrival_chambers_temple_mockup, layout_basic,
          ebering_ecumenical_altar_ruins, grunt_decor_fettered,
          minmay_misc_feat_diagonals
D:2:      layout_basic, grunt_ministairs_15, minmay_diced_spiral, uniq_natasha,
          uniq_crazy_yiuf_cottage

Skill      XL: |  1  2 |
---------------+-------+-----
Axes           | 4 |  4.5
Fighting       | 4 |  4.2
Armour         | |  2.6
Dodging        | |  2.5

Action                     || total
---------------------------++-------
  Melee: Hand axe          ||    57
         Headbutt          ||     6
    Use: Scroll            ||     5
 Armour: Animal skin       ||    41
  Dodge: Dodged            ||    46
